 Dungeon Crawl Stone Soup version 0.31-a0-803-g95b03c3367 (webtiles) character file.

Game seed: 9306527054585230872

308 Maratek the Magician (level 6, 0/32 HPs)
             Began as a Deep Elf Air Elementalist on Sept 20, 2023.
             Was a Follower of Sif Muna.
             Slain by Terence
             ... wielding a +0 mace
              (7 damage)
             ... on level 3 of the Dungeon.
             The game lasted 00:05:15 (2334 turns).

Maratek the Magician (Deep Elf Air Elementalist)    Turns: 2334, Time: 00:05:16

Health: 0/32       AC:  6    Str:  5    XL:     6   Next: 17%
Magic:  2/15       EV: 18    Int: 22    God:    Sif Muna [*.....]
Gold:   140        SH:  0    Dex: 15    Spells: 14/15 levels left

rFire   . . .        o - staff of poison
rCold   + . .        (no shield)
rNeg    . . .        a - +0 robe
rPois   +            k - +0 helmet
rElec   .            (no cloak)
rCorr   .            (no gloves)
SInv    .            g - +2 pair of boots
Will    .....        (no amulet)
Stlth   ++           e - +5 ring of evasion
HPRegen 0.25/turn    n - ring of protection from cold
MPRegen 0.14/turn

%: no passive effects
@: no status effects
A: no striking features
a: Renounce Religion, Channel Magic


You were on level 3 of the Dungeon.
You worshipped Sif Muna.
Sif Muna was aware of your devotion.
You visited 1 branch of the dungeon, and saw 3 of its levels.

You collected 140 gold pieces.

Inventory:

Armour
 a - a +0 robe (worn)
 g - a +2 pair of boots (worn)
 k - a +0 helmet (worn)
Magical Staves
 o - a staff of poison (weapon)
Jewellery
 e - a +5 ring of evasion (left hand)
 n - a ring of protection from cold (right hand)
Scrolls
 d - a scroll of vulnerability {unknown}
 f - 4 scrolls of identify {unknown}
 h - a scroll of fog {unknown}
 m - 2 scrolls of teleportation {unknown}
 p - a scroll of fear {unknown}
Potions
 b - a potion of magic
 c - a potion of enlightenment {unknown}
 i - 2 potions of mutation {unknown}
 j - a potion of degeneration {unknown}
 l - a potion of attraction {unknown}


   Skills:
 + Level 3.6 Dodging
 + Level 2.7 Stealth
 + Level 5.2 Spellcasting
 + Level 3.0 Conjurations
 + Level 4.8 Air Magic


You had 14 spell levels left.
You knew the following spells:

 Your Spells              Type           Power      Damage    Failure   Level
a - Shock                 Conj/Air       92%        1d8       1%          1

Your spell library contained the following spells:

 Spells                   Type           Power      Damage    Failure   Level
 Static Discharge         Conj/Air       46%        2-4/arc   3%          2
 Swiftness                Air            27%        N/A       4%          3
 Airstrike                Air            13%        2d(2-18)  14%         4


Dungeon Overview and Level Annotations

Branches:
Dungeon (3/15)

Altars:
Sif Muna

Shops:
D:1 [

Annotations:
D:3 Grinder, Terence


Message History

Terence closely misses you.
The zap hits Terence.
Terence is severely wounded.
Terence hits you but does no damage.
Grinder blinks!
The zap misses Terence.
Terence completely misses you.
The zap misses Terence.
Terence hits you with a +0 mace.
The zap hits Terence.
Terence is almost dead.
Terence misses you.
The zap hits Terence but does no damage.
Terence is almost dead.
Terence barely misses you.
The zap hits Terence but does no damage.
Terence is almost dead.
Terence hits you with a +0 mace.
You are out of magic!
You are out of magic!
Terence attacks as he pursues you! Terence barely misses you.
Terence attacks as he pursues you! Terence hits you with a +0 mace.
The zap hits Terence but does no damage.
Terence is almost dead.
The zap hits Grinder.
Grinder is lightly wounded.
Terence completely misses you.
You are out of magic!
Grinder blinks!
Grinder attacks as she pursues you! Grinder hits you.
You writhe in agony.
Terence hits you with a +0 mace. Grinder gestures at you.
You resist with some effort. Terence attacks as he pursues you!
Terence hits you with a +0 mace.
Grinder blinks!
Terence attacks as he pursues you! Terence misses you.
Terence attacks as he pursues you! Terence hits you with a +0 mace.
Terence attacks as he pursues you! Terence closely misses you.
You are too injured to fight recklessly!
Terence attacks as he pursues you! Terence hits you with a +0 mace!
* * * LOW HITPOINT WARNING * * *
Terence attacks as he pursues you! Terence hits you with a +0 mace!
You die...

#........#######.. .
#.................
#.................
#.......5......[..
########...#########
#.#.#.......#
#.#.#.#####.#
#@#.#.# #...#
#@#...# #.#####
#)#######.#...####
#.# #...#....... #.#
#.###.......
#.#####.#.....)...
#.................
#######...##......
######.####. #.####.


You could see Grinder and Terence.

Vanquished Creatures
  Sigmund (D:3)
  4 gnolls
  5 adders (D:2)
  2 worms (D:3)
  3 dart slugs
  6 endoplasms
  A giant cockroach (D:1)
  4 hobgoblins
  7 jackals (D:1)
  A quokka (D:2)
  4 ball pythons
  6 bats
  4 frilled lizards
  4 kobolds (D:2)
  4 rats
56 creatures vanquished.

Notes
Turn   | Place    | Note
-------+----------+-------------------------------------------
     0 | D:1      | Maratek the Deep Elf Air Elementalist began the quest for
                  | the Orb.
     0 | D:1      | Reached XP level 1. HP: 10/10 MP: 6/6
    82 | D:1      | Found Nulekam's Antique Armour Shop.
   137 | D:1      | Reached XP level 2. HP: 15/15 MP: 1/8
   682 | D:1      | Reached XP level 3. HP: 19/19 MP: 6/10
  1108 | D:2      | Reached skill level 4 in Spellcasting
  1385 | D:2      | Reached XP level 4. HP: 14/24 MP: 0/12
  2115 | D:3      | Noticed Sigmund
  2122 | D:3      | Killed Sigmund
  2123 | D:3      | Reached skill level 5 in Spellcasting
  2123 | D:3      | Reached XP level 5. HP: 10/28 MP: 5/14
  2123 | D:3      | Reached XP level 6. HP: 11/32 MP: 5/15
  2263 | D:3      | Found a faded altar of an unknown god.
  2275 | D:3      | Prayed at the altar of an unknown god.
  2275 | D:3      | Became a worshipper of Sif Muna the Loreminder
  2275 | D:3      | Reached * piety under Sif Muna
  2297 | D:3      | Noticed Grinder
  2298 | D:3      | Noticed Terence
  2334 | D:3      | Slain by Terence

Illustrated notes

Levels and vault maps discovered:
D:1:      dpeg_arrival_lava_temple_mockup, layout_rooms, serial_shops, shop,
          feat_on_display
D:2:      layout_basic, minmay_tromino_v4_a
D:3:      layout_basic, hellmonk_ecumenical_altar_run_dry,
          dreamdust_princess_bridge, uniq_sigmund, uniq_grinder, uniq_terence

Skill      XL: |  1  2  3  4  5  6 |
---------------+-------------------+-----
Dodging        | 3 |  3.6
Spellcasting   | 4 5 |  5.2
Air Magic      | 4 |  4.8
Conjurations   | 2 3 |  3.0
Stealth        | |  2.7

Action                     |  1- 3 |  4- 6 || total
---------------------------+-------+-------++-------
  Melee: Unarmed           |     2 |       ||     2
   Cast: Shock             |    84 |    57 ||   141
 Armour: Robe              |    24 |    14 ||    38
  Dodge: Dodged            |    70 |    10 ||    80

Table legend: (Time is in decaauts)
 A = Elapsed time spent in this place.
 B = Non-inter-level travel time spent in this place.
 C = Inter-level travel time spent in this place.
 D = Time resting spent in this place.
 E = Time spent auto-exploring this place.
 F = Levels seen in this place.
 G = Mean time per level.
                   A        B        C        D        E       F      G
               +--------+--------+--------+--------+--------+-----+--------+
         Total |   2332 |   2291 |     41 |    358 |   1588 |   3 |  777.3 |
       Dungeon |   2332 |   2291 |     41 |    358 |   1588 |   3 |  777.3 |
               +--------+--------+--------+--------+--------+-----+--------+

Top non-repeatable levels by time:
     D:2: 1078 daAuts
     D:1: 897 daAuts
     D:3: 355 daAuts
